 Dungeon Crawl Stone Soup version 0.28.0-62-gf88900778d (webtiles) character file.

Game seed: 16854956487824942024

119 jjjjhere the Chopper (level 5, 0/41 HPs)
             Began as a Hill Orc Arcane Marksman on Apr 8, 2023.
             Was an Initiate of Gozag.
             Slain by Grinder (6 damage)
             ... on level 3 of the Dungeon.
             The game lasted 00:04:02 (3832 turns).

jjjjhere the Chopper (Hill Orc Arcane Marksman)     Turns: 3832, Time: 00:04:03

Health: 0/41       AC:  6    Str: 15    XL:     5   Next: 3%
Magic:  6/6        EV:  9    Int: 13    God:    Gozag
Gold:   348        SH:  0    Dex: 17    Spells: 5/6 levels left

rFire   . . .      SeeInvis .   e - +0 hand axe
rCold   . . .      Faith    .   (no shield)
rNeg    . . .      Spirit   .   m - +0 scale mail
rPois   .          Reflect  .   (no helmet)
rElec   .          Harm     .   (no cloak)
rCorr   .          Rampage  .   (no gloves)
Will    .....                   (no boots)
Stlth   ..........              (no amulet)
HPRegen 0.13/turn               d - +6 ring of dexterity
MPRegen 0.10/turn               (no ring)

@: no status effects
A: no striking features
a: Renounce Religion, Potion Petition, Call Merchant, Bribe Branch


You were on level 3 of the Dungeon.
You worshipped Gozag.
Gozag was aware of your devotion.
You visited 1 branch of the dungeon, and saw 3 of its levels.

You collected 348 gold pieces.

Inventory:

Hand Weapons
 e - a +0 hand axe (weapon)
Armour
 a - a +0 robe
 m - a +0 scale mail (worn)
Jewellery
 d - a +6 ring of dexterity (left hand)
Scrolls
 g - a scroll of identify {unknown}
 i - a scroll of amnesia {unknown}
 j - a scroll of holy word {unknown}
 n - a scroll of brand weapon {unknown}
Potions
 h - a potion of flight {unknown}
 k - a potion of magic {unknown}
 l - a potion of degeneration {unknown}
 o - a potion of heal wounds {unknown}
 p - a potion of curing {unknown}


   Skills:
 - Level 1.9 Fighting
 + Level 5.7 Axes
 - Level 1.7 Throwing
 - Level 1.5 Dodging
 - Level 1.0 Spellcasting
 - Level 3.0 Hexes


You had 5 spell levels left.
You knew the following spells:

 Your Spells              Type           Power      Damage    Failure   Level
a - Slow                  Hex            32%        N/A       34%         1

Your spell library contained the following spells:

 Spells                   Type           Power      Damage    Failure   Level
 Inner Flame              Hex/Fire       4%         N/A       88%         3
 Portal Projectile        Hex/Tloc       8%         N/A       88%         3
 Cause Fear               Hex            4%         N/A       98%         4


Dungeon Overview and Level Annotations

Branches:
Dungeon (3/15)

Altars:
Ashenzari
Gozag

Annotations:
D:3 Grinder


Message History

Grinder says, "Don't move a muscle."
Grinder blinks!
Grinder gestures at you. You resist with significant effort.
Grinder closely misses you.
Throw: throwing net
Press: ? - help, Q - select action, (/) - cycle Shift-Dir - straight line, f/p - Grinder
Aim: Grinder (moderately wounded, 55% to hit)
You throw a throwing net. The throwing net hits Grinder.
Grinder is caught in the net!
Grinder is moderately wounded.
Grinder blinks!
You see here a throwing net.
c - a throwing net Grinder gestures at you.
You resist with significant effort.
Throw: throwing net
Press: ? - help, Q - select action, (/) - cycle Shift-Dir - straight line, f/p - Grinder
Aim: Grinder (moderately wounded, 55% to hit)
You throw a throwing net. The throwing net barely misses Grinder.
Grinder hits you.
* * * LOW HITPOINT WARNING * * *
You writhe in agony.
* * * LOW HITPOINT WARNING * * *
You hit Grinder.
Grinder is heavily wounded.
Grinder closely misses you.
You hit Grinder.
Grinder is heavily wounded.
Grinder hits you.
* * * LOW HITPOINT WARNING * * *
You closely miss Grinder.
Grinder is heavily wounded.
Grinder gestures at you. You resist with significant effort.
You hit Grinder but do no damage.
Grinder is heavily wounded.
Grinder hits you.
You die...
Your body crumbles into a pile of gold.

#.....# ..≈.≈..
..≈⌠... #.≈≈...##
#.......#
##......# ♣♣♣♣♣♣
######.# ♣♣♣..((♣
.
#.#♣♣♣♣♣..♣♣♣.(..♣
♣ #(....5@♣♣♣
♣♣♣♣..(♣ #......♣♣
♣♣♣ #.#♣♣♣♣♣ #.#
#.# ♣ #.# ♣♣♣♣ #.#
♣♣♣... #.# ♣....♣
#.# ♣♣..♣♣♣


You could see Grinder.

Vanquished Creatures
  5 adders
  2 worms (D:2)
  A dart slug (D:2)
  2 orcs (D:3)
  9 endoplasms
  5 goblins
  11 hobgoblins
  3 jackals (D:3)
  2 quokkas (D:1)
  2 ball pythons
  7 bats
  4 frilled lizards
  2 kobolds
  7 rats
62 creatures vanquished.

Vanquished Creatures (others)
  2 fungi (D:1)
  2 plants (D:3)
4 creatures vanquished.

Grand Total: 66 creatures vanquished

Notes
Turn   | Place    | Note
-------+----------+-------------------------------------------
     0 | D:1      | jjjjhere the Hill Orc Arcane Marksman began the quest for
                  | the Orb.
     0 | D:1      | Reached XP level 1. HP: 16/16 MP: 2/2
    57 | D:1      | HP: 5/16 [frilled lizard (1)]
   342 | D:1      | Reached skill level 1 in Axes
   415 | D:1      | Reached XP level 2. HP: 21/24 MP: 3/3
   789 | D:1      | Reached skill level 2 in Axes
  1041 | D:1      | Reached skill level 3 in Axes
  1041 | D:1      | Reached XP level 3. HP: 21/29 MP: 4/4
  1324 | D:1      | Found a faded altar of an unknown god.
  1343 | D:1      | Prayed at the altar of an unknown god.
  1343 | D:1      | Became a worshipper of Gozag Ym Sagoz the Greedy
  1770 | D:2      | HP: 9/29 [adder (4)]
  1772 | D:2      | HP: 4/29 [poisoned by an adder]
  2223 | D:2      | HP: 7/29 [hobgoblin (4)]
  2386 | D:2      | Reached skill level 4 in Axes
  2592 | D:2      | HP: 9/29 [adder (3)]
  2595 | D:2      | Reached XP level 4. HP: 10/36 MP: 5/5
  3070 | D:2      | Reached skill level 5 in Axes
  3088 | D:2      | Found a broken altar of Ashenzari.
  3742 | D:3      | Reached XP level 5. HP: 33/41 MP: 6/6
  3807 | D:3      | Noticed Grinder
  3807 | D:3      | Paralysed by Grinder for 3 turns
  3828 | D:3      | HP: 12/41 [Grinder (6)]
  3832 | D:3      | Slain by Grinder

Illustrated notes

Levels and vault maps discovered:
D:1:      nicolae_arrival_somewhat_less_tricky_arrival, layout_loops_corners,
          shapermc_ecumenical_altar_ellora, minmay_pentomino_p4
D:2:      layout_rooms, basic_altar, chequers_jeans
D:3:      kb_forest_paths, layout_basic, gammafunk_temple_overflow_forgotten,
          corexii_leaking_fountain, uniq_grinder

Skill      XL: |  1  2  3  4 |
---------------+-------------+-----
Axes           | 1 3 4 5 |  5.7
Fighting       | |  1.9
Throwing       | |  1.7
Dodging        | |  1.5
Spellcasting   | |  1.0
Hexes          | |  3.0

Action                   |  1- 3 |  4- 6 || total
-------------------------+-------+-------++-------
Melee: Hand axe          |   105 |   100 ||   205
       Unarmed           |     8 |       ||     8
       Punch             |     3 |       ||     3
Throw: Javelin           |    14 |     8 ||    22
       Throwing net      |     1 |     4 ||     5
       Dart              |       |     2 ||     2
 Stab: Sleeping          |     6 |       ||     6
       Distracted        |       |     1 ||     1
Armor: Robe              |    23 |       ||    23
       Scale mail        |     8 |    37 ||    45
Dodge: Dodged            |    99 |    52 ||   151
